 Dungeon Crawl Stone Soup version 0.20-a0-656-g9b0dcd9 (webtiles) character file.

775 Messajah the Archer (level 7, 0/55 HPs)
             Began as a Centaur Hunter on Feb 16, 2017.
             Succumbed to a killer bee's poison
             ... on level 4 of the Dungeon.
             The game lasted 00:25:14 (6605 turns).

Messajah the Archer (Centaur Hunter)                Turns: 6605, Time: 00:25:14

Health: 0/55       AC: 12    Str: 17    XL:     7   Next: 54%
Magic:  7/7        EV: 13    Int: 16    God:
Gold:   329        SH:  0    Dex: 19    Spells: 6/6 levels left

rFire    . . .     SeeInvis .   a - +1 shortbow
rCold    + . .     Gourm    .   r - +0 scale mail
rNeg     . . .     Faith    .   (shield currently unavailable)
rPois    +         Spirit   .   I - +2 helmet
rElec    .         Reflect  .   (no cloak)
rCorr    .         Harm     .   u - +2 pair of gloves
MR       .....                  (no barding)
Stlth    +.........             (no amulet)
Regen    0.2/turn               v - +6 ring of intelligence
MPRegen  0.1/turn               x - +5 ring of dexterity

@: agile, lethally poisoned (0 -> -9), very quick
A: hooves 3, cold resistance 1, deformed body, speed 2, poison resistance, tough
skin 3
a: no special abilities


You were on level 4 of the Dungeon.
You were not hungry.

You visited 1 branch of the dungeon, and saw 5 of its levels.

You collected 329 gold pieces.

Inventory:

Hand Weapons
 a - a +1 shortbow (weapon)
 b - a +0 short sword
 B - a +0 trident
 D - a +0 rapier
 F - a +2 hand axe of venom
 G - a +0 hunting sling
 H - a +0 falchion
 N - a +0 dagger of holy wrath
Missiles
 d - 15 arrows (quivered)
 q - 215 stones
 t - 12 poisoned needles
 z - 22 sling bullets
 C - 9 tomahawks
 J - 4 curare-tipped needles
 Q - 7 steel javelins
Armour
 r - a +0 scale mail (worn)
 u - a +2 pair of gloves (worn)
 I - a +2 helmet (worn)
Jewellery
 v - a +6 ring of intelligence (right hand)
 x - a +5 ring of dexterity (left hand)
Wands
 g - a wand of lightning (7/15)
Scrolls
 e - 3 scrolls of enchant weapon {unknown}
 k - a scroll of recharging {unknown}
 l - 2 scrolls of fog {unknown}
 o - 10 scrolls of identify
 p - a scroll of enchant armour {unknown}
 w - a scroll of teleportation {unknown}
 y - a scroll of amnesia {unknown}
 M - a scroll of fear {unknown}
 S - a scroll of noise {unknown}
Potions
 h - a potion of magic {unknown}
 i - 3 potions of berserk rage
 j - 3 potions of mutation
 m - 2 potions of agility
 n - 2 potions of flight
 s - a potion of curing {unknown}
 A - 2 potions of brilliance {unknown}
 E - 2 potions of might {unknown}
 K - 2 potions of lignification {unknown}
 L - a potion of degeneration {unknown}
 O - a potion of heal wounds {unknown}
 P - a potion of invisibility {unknown}
Comestibles
 c - 2 meat rations
 f - 6 bread rations
 R - a royal jelly


   Skills:
 - Level 2.0 Fighting
 + Level 11.9 Bows
 - Level 1.3 Dodging
 - Level 0.4 Stealth


You had 6 spell levels left.
You didn't know any spells.

Dungeon Overview and Level Annotations

Branches:
Dungeon (5/15)
 Temple: D:4-7

Altars:
Hepliaklqana
Qazlal
Sif Muna
Trog
Xom

Annotations:
D:2 BOTTOM FLY DOOR
D:3 GHOST, Chiseanne's ghost, amateur SpGl
D:5 1 runed door


Innate Abilities, Weirdness & Mutations

You have hooves in place of feet.
Armour fits poorly on your strangely shaped body.
You cover ground very quickly.
You have extremely tough skin. (AC +3)
Your flesh is cold resistant. (rC+)
Your system is resistant to poisons. (rPois)


Message History

You shoot an arrow. The arrow hits the killer bee.
The killer bee is almost dead.
* * * LOW HITPOINT WARNING * * *
You feel sick.
The killer bee stings you but does no damage. x2
Firing (i - inventory. (,) - cycle):
d - 16 arrows (quivered)
Press: ? - help, Shift-Dir - straight line, f/p - killer bee
Aim: a killer bee (almost dead)
You shoot an arrow. The arrow hits the killer bee.
You kill the killer bee!
* * * LOW HITPOINT WARNING * * *
You feel sick.
There is a lethal amount of poison in your body!
It was a potion of mutation.
You feel extremely strange.
You feel resistant to poisons.
You feel resistant to cold.
* * * LOW HITPOINT WARNING * * *
You feel sick.
It was a potion of agility.
You feel agile all of a sudden.
You die...

#...........................#....
##...<......................#...#
##.....#......#...............##
####..########.##.#...........##
......# ##..#..#............##
......# #..##.##.............#
......######.###................#
.................................
......####......@(.....(.....##.รท
......####.....(...........#.....
.....>.........#.............####
####...##......#...........#.....
#...###........................
##### #......#............#####
#.(....#..........###
##.#####..........#
#..####..........#


There were no monsters in sight!

Vanquished Creatures
  A sky beast (D:5)
  A bullfrog (D:2)
  2 killer bees (D:4)
  A centaur zombie (D:5)
  A hound (D:4)
  A bullfrog zombie (D:5)
  An orc priest (D:3)
  A jelly (D:5)
  3 orc wizards
  Ijyb (D:3)
  An iguana (D:4)
  A worker ant (D:2)
  2 worker ant zombies (D:5)
  6 adders
  A shadow imp (D:5)
  An ooze (D:2)
  2 adder skeletons (D:5)
  4 worms
  A dart slug (D:1)
  3 leopard geckos
  15 orcs
  8 bats
  3 giant cockroaches
  11 goblins
  10 hobgoblins
  2 jackals (D:2)
  9 kobolds
  2 quokkas
  2 ball pythons
  A frilled lizard (D:2)
  A quokka skeleton (D:4)
  A quokka zombie (D:5)
  4 rats
104 creatures vanquished.

Notes
Turn   | Place    | Note
-------+----------+-------------------------------------------
     0 | D:1      | Messajah the Centaur Hunter began the quest for the Orb.
     0 | D:1      | Reached XP level 1. HP: 17/17 MP: 1/1
   489 | D:1      | Reached XP level 2. HP: 24/24 MP: 2/2
   545 | D:1      | Reached skill level 6 in Bows
  1249 | D:1      | Reached XP level 3. HP: 15/29 MP: 3/3
  1586 | D:2      | Found a stormy altar of Qazlal.
  1889 | D:2      | Reached skill level 7 in Bows
  2174 | D:2      | Reached XP level 4. HP: 36/36 MP: 4/4
  2364 | D:2      | Noticed a bullfrog
  2392 | D:2      | Killed a bullfrog
  2392 | D:2      | Reached skill level 8 in Bows
  2392 | D:2      | Reached XP level 5. HP: 16/41 MP: 5/5
  2676 | D:3      | Noticed Ijyb
  2677 | D:3      | Noticed Chiseanne's ghost (amateur SpGl)
  2887 | D:3      | Killed Ijyb
  3551 | D:2      | Reached skill level 9 in Bows
  3939 | D:3      | Found a shimmering altar of Xom.
  3962 | D:3      | Found a bloodstained altar of Trog.
  4268 | D:2      | Reached XP level 6. HP: 48/48 MP: 6/6
  4740 | D:4      | Reached skill level 10 in Bows
  4819 | D:4      | Found a hazy altar of Hepliaklqana.
  5681 | D:5      | Entered Level 5 of the Dungeon
  5704 | D:5      | Noticed a sky beast
  5731 | D:5      | Killed a sky beast
  5948 | D:5      | Found a runed door.
  6058 | D:5      | Reached XP level 7. HP: 49/55 MP: 7/7
  6085 | D:4      | Reached skill level 11 in Bows
  6294 | D:5      | Found a runed door.
  6328 | D:5      | Found a deep blue altar of Sif Muna.
  6603 | D:4      | HP: 2/55 [poisoned by a killer bee]
  6604 | D:4      | Gained mutation: Your system is resistant to poisons. (rPois) [potion of mutation]
  6604 | D:4      | Gained mutation: Your flesh is cold resistant. (rC+) [potion of mutation]
  6605 | D:4      | Succumbed to a killer bee's poison

Vault maps used:
D:1:      zelgadis_glass_arrival_small, grunt_decor_fettered
D:2:      grunt_qazlal_sundering, minmay_goblin_outpost
D:3:      lemuel_crystal_altar, lemuel_crystal_altar, first_bread, minivault_4,
          uniq_iyjb
D:4:      nicolae_overflow_crystal_walls
D:5:      lemuel_insect_pit, led_sif_book, lemuel_doored_altar, serial_undead,
          serial_undead_a, serial_undead_b, serial_undead_d, serial_undead_f,
          hangedman_decor_push, kennysheep_generic_room_10

Skill      XL: |  1  2  3  4  5  6  7 |
---------------+----------------------+-----
Bows           | 6 7 8 9 10 11 | 11.9
Fighting       | |  2.0
Dodging        | |  1.3
Stealth        | |  0.4

Action                   |  1- 3 |  4- 6 |  7- 9 || total
-------------------------+-------+-------+-------++-------
Melee: Short sword       |   153 |   152 |     8 ||   313
       Kick              |    31 |    46 |     3 ||    80
 Fire: Shortbow          |    27 |   103 |    51 ||   181
Throw: Stone             |     1 |       |       ||     1
  Use: Scroll            |       |     2 |       ||     2
       Potion            |       |     1 |     2 ||     3
  Eat: Chunk             |     3 |     8 |     2 ||    13
       Fruit             |       |     2 |       ||     2
Armor: Leather armour    |     5 |       |       ||     5
       Ring mail         |    32 |       |       ||    32
       Scale mail        |    31 |    99 |    28 ||   158
Dodge: Dodged            |    77 |    71 |    25 ||   173
